General information
- name: BNet
- type: Ladder team game (AT/RT)
- host: Battle.net
- saver: BraveWarrior
map: Mur'gulOasis
- players: 8
- length: 17:13
- speed: Fast
- version: 1.28 W3XP
- replay type: Public
» download(191 KB)
Players
team 1 (loser)
wretcher (
teal | 67 APM | 1148 actions | 17:08)
3 Death Knight
2 Death Coil
1 Unholy Aura
2 Lich
1 Frost Nova
1 Dark Ritual
» actions
| Assign group hotkey | 4 | |
| Basic commands | 11 | |
| Build / train | 44 | |
| Enter build submenu | 15 | |
| Enter hero's abilities submenu | 5 | |
| Give item / drop item | 2 | |
| Right click | 742 | |
| Select / deselect | 244 | |
| Select group hotkey | 17 | |
| Use ability | 64 | |
1148 total
» units
| Acolyte | 3 | |
| Ghoul | 4 | |
| Crypt Fiend | 4 | |
| Mur'gul Snarecaster | 1 | |
| Frost Wyrm | 4 | |
16 total
» upgrades
| Burrow | 1 | |
| Creature Carapace | 2 | |
| Creature Attack | 1 | |
| Web | 1 | |
| Freezing Breath | 1 | |
| Spiked Barricades | 1 | |
| Reinforced Defenses | 1 | |
8 total
» buildings
| Crypt | 1 | |
| Graveyard | 1 | |
| Ziggurat | 6 | |
| Altar of Darkness | 1 | |
| Tomb of Relics | 1 | |
| Halls of the Dead | 1 | |
| Black Citadel | 1 | |
| Sacrificial Pit | 1 | |
| Boneyard | 2 | |
| Fortress | 1 | |
| Town Hall | 1 | |
17 total
» build order
00:08 Crypt
00:20 Graveyard
00:39 Ziggurat
00:58 Altar of Darkness
01:51 Tomb of Relics
02:02 Ziggurat
03:56 Halls of the Dead
04:04 Ziggurat
06:23 Black Citadel
07:45 Sacrificial Pit
09:28 Boneyard
09:33 Boneyard
09:39 Ziggurat
11:02 Ziggurat
13:32 Ziggurat
13:45 Fortress
15:14 Town Hall
» items
| Rod of Necromancy | 2 | |
| Dust of Appearance | 1 | |
| Sacrificial Skull | 1 | |
| Potion of Healing | 1 | |
| Potion of Lesser Invulnerability | 1 | |
| Scroll of Regeneration | 1 | |
| Lesser Clarity Potion | 1 | |
| Scroll of Town Portal | 2 | |
10 total

»
stilllerning (
blue | 75 APM | 975 actions | 12:58)
3 Blademaster
2 Wind Walk
1 Critical Strike
2 Shadow Hunter
1 Hex
1 Healing Wave
» actions
| Assign group hotkey | 37 | |
| Basic commands | 18 | |
| Build / train | 52 | |
| ESC pressed | 1 | |
| Enter build submenu | 14 | |
| Enter hero's abilities submenu | 5 | |
| Give item / drop item | 3 | |
| Remove unit from queue | 1 | |
| Right click | 444 | |
| Select / deselect | 136 | |
| Select group hotkey | 214 | |
| Use ability | 50 | |
975 total
» units
| Peon | 9 | |
| Grunt | 5 | |
| Raider | 5 | |
| Spirit Walker | 3 | |
| Kodo Beast | 1 | |
23 total
» upgrades
| Berserker Strength | 1 | |
| Ensnare | 1 | |
| Spirit Walker Training | 1 | |
| Pillage | 1 | |
| Melee Weapons | 1 | |
5 total
» buildings
| Altar of Storms | 1 | |
| Orc Burrow | 5 | |
| Barracks | 1 | |
| Voodoo Lounge | 1 | |
| War Mill | 1 | |
| Stronghold | 3 | |
| Watch Tower | 2 | |
| Beastiary | 1 | |
| Spirit Lodge | 1 | |
16 total
» build order
00:09 Altar of Storms
00:35 Orc Burrow
00:39 Barracks
01:44 Orc Burrow
02:33 Voodoo Lounge
03:07 War Mill
03:25 Stronghold
03:26 Stronghold
03:26 Stronghold
04:44 Orc Burrow
04:49 Watch Tower
04:50 Watch Tower
06:29 Beastiary
06:36 Spirit Lodge
08:14 Orc Burrow
10:31 Orc Burrow
» items
| Healing Salve | 4 | |
| Scroll of Speed | 2 | |
| Lesser Clarity Potion | 1 | |
| Scroll of Town Portal | 3 | |
10 total
BraveWarrior (
orange | 65 APM | 1114 actions | 17:13)
4 Paladin
2 Holy Light
1 Devotion Aura
1 Divine Shield
» actions
| Assign group hotkey | 104 | |
| Basic commands | 23 | |
| Build / train | 67 | |
| Enter build submenu | 27 | |
| Enter hero's abilities submenu | 4 | |
| Give item / drop item | 3 | |
| Remove unit from queue | 6 | |
| Right click | 419 | |
| Select / deselect | 296 | |
| Select group hotkey | 78 | |
| Use ability | 87 | |
1114 total
» units
| Peasant | 10 | |
| Footman | 5 | |
| Makrura Deepseer | 1 | |
| Rifleman | 5 | |
21 total
» upgrades
| Defend | 1 | |
| Masonry | 3 | |
| Swords | 2 | |
| Lumber Harvesting | 2 | |
| Plating | 3 | |
| Gunpowder | 3 | |
| Long Rifles | 1 | |
| Armor | 2 | |
17 total
» buildings
| Altar of Kings | 3 | |
| Barracks | 2 | |
| Farm | 7 | |
| Scout Tower | 12 | |
| Arcane Tower | 2 | |
| Lumber Mill | 1 | |
| Arcane Vault | 1 | |
| Blacksmith | 2 | |
| Keep | 1 | |
| Guard Tower | 3 | |
| Castle | 1 | |
35 total
» build order
00:40 Altar of Kings
00:53 Altar of Kings
00:54 Barracks
00:56 Farm
00:57 Farm
01:00 Altar of Kings
01:09 Farm
01:10 Farm
01:39 Scout Tower
02:10 Farm
02:23 Arcane Tower
02:59 Lumber Mill
03:24 Arcane Vault
04:38 Blacksmith
04:41 Blacksmith
04:48 Scout Tower
05:16 Keep
05:36 Arcane Tower
05:41 Scout Tower
05:42 Scout Tower
05:43 Scout Tower
05:43 Scout Tower
05:44 Scout Tower
05:45 Scout Tower
07:04 Guard Tower
07:23 Guard Tower
08:21 Castle
10:09 Scout Tower
10:09 Scout Tower
10:13 Scout Tower
10:14 Scout Tower
11:15 Guard Tower
11:35 Barracks
12:09 Farm
12:13 Farm
» items
| Scroll of Regeneration | 4 | |
| Potion of Healing | 2 | |
| Scroll of Town Portal | 2 | |
| Staff of Sanctuary | 1 | |
| Potion of Mana | 1 | |
| Lesser Clarity Potion | 1 | |
11 total
Yungmemekid (
pink | 60 APM | 771 actions | 12:54)
3 Dark Ranger
2 Black Arrow
1 Silence
» actions
| Basic commands | 1 | |
| Build / train | 37 | |
| Enter build submenu | 20 | |
| Enter hero's abilities submenu | 3 | |
| Right click | 488 | |
| Select / deselect | 190 | |
| Use ability | 32 | |
771 total
» units
| Peasant | 13 | |
| Footman | 6 | |
| Spell Breaker | 1 | |
| Priest | 1 | |
| Knight | 1 | |
22 total
» upgrades
| Defend | 1 | |
| Priest Training | 2 | |
| Lumber Harvesting | 1 | |
| Masonry | 1 | |
| Plating | 1 | |
6 total
» buildings
| Altar of Kings | 1 | |
| Barracks | 2 | |
| Farm | 9 | |
| Arcane Vault | 1 | |
| Scout Tower | 3 | |
| Keep | 1 | |
| Lumber Mill | 1 | |
| Castle | 1 | |
| Arcane Sanctum | 2 | |
| Blacksmith | 1 | |
| Guard Tower | 2 | |
24 total
» build order
00:07 Altar of Kings
00:15 Barracks
00:19 Farm
00:54 Farm
01:00 Farm
01:36 Farm
01:40 Farm
02:30 Arcane Vault
02:34 Scout Tower
03:02 Farm
03:26 Keep
03:36 Lumber Mill
06:15 Castle
06:19 Arcane Sanctum
06:33 Arcane Sanctum
06:38 Barracks
06:43 Blacksmith
06:45 Guard Tower
07:00 Scout Tower
07:21 Scout Tower
07:58 Farm
08:32 Farm
08:43 Guard Tower
10:36 Farm
» items
team 2 (winner)

»
The_real_Psycho (
green | 59 APM | 1016 actions | 17:13)
4 Mountain King
2 Storm Bolt
2 Bash
4 Paladin
2 Holy Light
2 Devotion Aura
» actions
| Assign group hotkey | 17 | |
| Build / train | 51 | |
| Enter build submenu | 23 | |
| Enter hero's abilities submenu | 10 | |
| Right click | 446 | |
| Select / deselect | 281 | |
| Select group hotkey | 123 | |
| Use ability | 65 | |
1016 total
» units
| Peasant | 10 | |
| Footman | 10 | |
| Spell Breaker | 5 | |
| Sorceress | 2 | |
| Priest | 3 | |
30 total
» upgrades
| Plating | 2 | |
| Swords | 1 | |
| Defend | 1 | |
| Priest Training | 1 | |
5 total
» buildings
| Barracks | 1 | |
| Farm | 10 | |
| Altar of Kings | 1 | |
| Scout Tower | 1 | |
| Arcane Vault | 1 | |
| Keep | 1 | |
| Blacksmith | 1 | |
| Lumber Mill | 1 | |
| Arcane Tower | 1 | |
| Arcane Sanctum | 2 | |
| Town Hall | 1 | |
21 total
» build order
00:24 Barracks
00:37 Farm
00:53 Altar of Kings
01:02 Farm
01:38 Farm
02:12 Farm
02:30 Scout Tower
02:38 Arcane Vault
02:59 Farm
03:40 Keep
04:29 Blacksmith
04:31 Lumber Mill
05:32 Arcane Tower
05:59 Farm
06:59 Arcane Sanctum
07:02 Arcane Sanctum
08:16 Farm
10:23 Farm
11:26 Farm
12:50 Farm
14:29 Town Hall
» items
| Circlet of Nobility | 1 | |
| Scroll of Regeneration | 2 | |
| Periapt of Vitality | 1 | |
4 total

»
CLERIK(PUMA) (
red | 143 APM | 2454 actions | 17:13)
5 Blademaster
2 Wind Walk
3 Critical Strike
3 Shadow Hunter
1 Hex
2 Healing Wave
» actions
| Assign group hotkey | 953 | |
| Basic commands | 123 | |
| Build / train | 75 | |
| Enter build submenu | 14 | |
| Enter hero's abilities submenu | 8 | |
| Give item / drop item | 2 | |
| Remove unit from queue | 3 | |
| Right click | 207 | |
| Select / deselect | 380 | |
| Select group hotkey | 639 | |
| Use ability | 50 | |
2454 total
» units
| Peon | 13 | |
| Grunt | 7 | |
| Shaman | 4 | |
| Tauren | 6 | |
| Troll Headhunter/Berserker | 1 | |
31 total
» upgrades
| Witch Doctor Training | 0 | |
| Shaman Training | 2 | |
| Armor | 3 | |
| Melee Weapons | 2 | |
| Pulverize | 1 | |
8 total
» buildings
| Orc Burrow | 7 | |
| Altar of Storms | 1 | |
| Barracks | 1 | |
| Voodoo Lounge | 1 | |
| Stronghold | 3 | |
| War Mill | 1 | |
| Spirit Lodge | 1 | |
| Fortress | 2 | |
| Tauren Totem | 2 | |
19 total
» build order
00:19 Orc Burrow
00:26 Altar of Storms
00:52 Barracks
01:37 Orc Burrow
01:51 Voodoo Lounge
02:14 Orc Burrow
03:44 Stronghold
03:44 Stronghold
03:44 Stronghold
04:29 War Mill
05:00 Orc Burrow
06:22 Orc Burrow
06:24 Orc Burrow
06:36 Spirit Lodge
07:17 Fortress
07:17 Fortress
08:18 Orc Burrow
09:48 Tauren Totem
09:49 Tauren Totem
» items
| Healing Salve | 4 | |
| Scroll of Town Portal | 2 | |
6 total
jefixx (
purple | 58 APM | 1001 actions | 17:13)
4 Tauren Chieftain
2 War Stomp
2 Endurance Aura
1 Goblin Alchemist
1 Healing Spray
» actions
| Assign group hotkey | 20 | |
| Build / train | 43 | |
| Enter build submenu | 26 | |
| Enter hero's abilities submenu | 6 | |
| Remove unit from queue | 1 | |
| Right click | 529 | |
| Select / deselect | 291 | |
| Select group hotkey | 4 | |
| Use ability | 81 | |
1001 total
» units
» upgrades
| Armor | 2 | |
| Pillage | 1 | |
| Melee Weapons | 2 | |
| Ensnare | 1 | |
| Spiked Barricades | 1 | |
7 total
» buildings
| Altar of Storms | 1 | |
| Orc Burrow | 11 | |
| Barracks | 1 | |
| Stronghold | 1 | |
| Voodoo Lounge | 1 | |
| War Mill | 1 | |
| Beastiary | 2 | |
| Watch Tower | 1 | |
| Great Hall | 3 | |
| Fortress | 1 | |
23 total
» build order
00:06 Altar of Storms
00:35 Orc Burrow
01:10 Barracks
02:04 Orc Burrow
03:07 Orc Burrow
03:27 Stronghold
03:34 Voodoo Lounge
04:13 Orc Burrow
05:05 War Mill
06:25 Beastiary
06:27 Beastiary
06:47 Orc Burrow
09:41 Watch Tower
10:56 Orc Burrow
13:25 Orc Burrow
13:29 Orc Burrow
13:31 Orc Burrow
13:36 Orc Burrow
13:48 Orc Burrow
15:24 Great Hall
15:37 Great Hall
15:40 Great Hall
17:09 Fortress
» items
| Healing Salve | 1 | |
| Scroll of Town Portal | 1 | |
| Scroll of Speed | 1 | |
3 total
Daretiini (
yellow | 67 APM | 1148 actions | 17:13)
5 Death Knight
3 Death Coil
2 Unholy Aura
4 Lich
2 Frost Nova
2 Frost Armor
» actions
| Assign group hotkey | 4 | |
| Build / train | 53 | |
| Enter build submenu | 13 | |
| Enter hero's abilities submenu | 9 | |
| Give item / drop item | 2 | |
| Remove unit from queue | 1 | |
| Right click | 802 | |
| Select / deselect | 210 | |
| Use ability | 54 | |
1148 total
» units
| Acolyte | 2 | |
| Ghoul | 4 | |
| Crypt Fiend | 9 | |
| Frost Wyrm | 4 | |
19 total
» upgrades
| Creature Carapace | 2 | |
| Creature Attack | 2 | |
| Web | 1 | |
| Freezing Breath | 1 | |
| Burrow | 1 | |
7 total
» buildings
| Graveyard | 1 | |
| Crypt | 1 | |
| Altar of Darkness | 1 | |
| Ziggurat | 6 | |
| Tomb of Relics | 1 | |
| Nerubian Tower | 1 | |
| Halls of the Dead | 1 | |
| Black Citadel | 1 | |
| Sacrificial Pit | 1 | |
| Spirit Tower | 1 | |
| Boneyard | 1 | |
| Necropolis | 1 | |
17 total
» build order
00:32 Graveyard
00:49 Crypt
01:09 Altar of Darkness
01:33 Ziggurat
01:35 Tomb of Relics
02:17 Ziggurat
02:32 Nerubian Tower
04:19 Halls of the Dead
04:38 Ziggurat
06:54 Black Citadel
07:28 Sacrificial Pit
07:30 Ziggurat
07:30 Ziggurat
07:45 Spirit Tower
09:21 Boneyard
16:08 Ziggurat
17:00 Necropolis
» items
| Rod of Necromancy | 3 | |
| Scroll of Town Portal | 2 | |
| Potion of Healing | 2 | |
| Orb of Corruption | 1 | |
| Scroll of Healing | 1 | |
9 total
Chat log
(01:23 / Allies) wretcher: hero pink?
(01:43 / Allies) wretcher: no hero build pink?
(01:47 / Allies) wretcher: ah ok
(01:51 / Allies) Yungmemekid: no hero from human so pick whatever u want
(02:07 / Allies) wretcher: take dr
(02:13 / Allies) wretcher: and creep up hard
(02:34 / Allies) wretcher: skellets silence
(02:46 / Allies) wretcher: i will join you
(03:36 / Allies) wretcher: lets push
(03:41 / Allies) BraveWarrior: too risky
(04:41 / Allies) wretcher: heal and go
(05:26 / Allies) wretcher: kill units burrow pink
(07:13 / Allies) wretcher: u an ashole orange
(09:17 / Allies) BraveWarrior: too risky
(09:17 / Allies) wretcher: go oarange
(09:59 / Allies) wretcher: hit him
(10:03 / Allies) wretcher: u fucking bastard
(10:03 / Allies) BraveWarrior: it's too risky
(10:12 / Allies) wretcher: u stupid like shit
(10:16 / Allies) wretcher: 2 vs 1 risky?
(10:21 / Allies) BraveWarrior: yellow was nearby
(11:20 / Allies) wretcher: back
(11:21 / Allies) wretcher: back
(11:41 / Allies) stilllerning: me b#
(12:10 / Allies) stilllerning: 100 gold for tp ?
(12:15 / All) The_real_Psycho: zou go
(12:36 / Allies) Yungmemekid: were kinda 3v4
(12:38 / Allies) Yungmemekid: so gg
(12:50 / Allies) stilllerning: u noob
(12:55 / Allies) stilllerning: t3 no units
(13:09 / Allies) wretcher: watch out this is too risky orange
(17:03 / Allies) wretcher: too risky moron
(17:06 / Allies) BraveWarrior: yes
(17:08 / Allies) BraveWarrior: I told you